 Dungeon Crawl Stone Soup version 0.32-a0-931-g5a2cda0630 (webtiles) character file.

Game seed: 4981234438645045196

357 Biggs the Magician (level 6, 39/40 HPs)
             Began as a Djinni Conjurer on Apr 13, 2024.
             Quit the game on level 4 of the Dungeon.
             The game lasted 00:05:52 (3562 turns).

Biggs the Magician (Djinni Conjurer)                Turns: 3562, Time: 00:05:52

Health: 39/40      AC:  3    Str:  6    XL:     6   Next: 96%
Gold:   173        EV: 11    Int: 21    God:
                   SH:  0    Dex: 12

rFire   + + .        f - staff of air
rCold   x . .        (no shield)
rNeg    . . .        a - +0 robe
rPois   ∞            (no helmet)
rElec   +            (no cloak)
rCorr   .            j - +0 pair of gloves
SInv    .            (boots unavailable)
Will    .....        (no amulet)
Stlth   ++           (no ring)
HPRegen 0.26/turn    (no ring)

%: no passive effects
@: flying
A: sickness immunity, fire resistance 2, cold vulnerability 1, float, innate
caster, HP casting, extra vitality 1
a: no special abilities


You were on level 4 of the Dungeon.
You visited 1 branch of the dungeon, and saw 5 of its levels.

You collected 173 gold pieces.

Inventory:

Armour
 a - a +0 robe (worn)
 j - a +0 pair of gloves (worn)
Magical Staves
 f - a staff of air (weapon)
Scrolls
 d - a scroll of revelation
 l - 2 scrolls of blinking
 o - 3 scrolls of vulnerability
 p - a scroll of immolation
 s - a scroll of noise
Potions
 c - 2 potions of heal wounds {unknown}
 e - a potion of resistance {unknown}
 g - a potion of magic {unknown}
 i - 2 potions of mutation {unknown}
 k - 2 potions of lignification {unknown}
 n - a potion of enlightenment {unknown}
 q - 2 potions of invisibility {unknown}
 t - 2 potions of might {unknown}
 u - a potion of attraction {unknown}


   Skills:
 - Level 2.1 Dodging
 - Level 1.5 Stealth
 + Level 6.2 Spellcasting
 + Level 6.2 Conjurations
 + Level 6.2 Hexes
 + Level 6.2 Summonings
 + Level 6.2 Necromancy
 + Level 6.2 Translocations
 + Level 6.2 Fire Magic
 + Level 6.2 Ice Magic
 + Level 6.2 Air Magic
 + Level 6.2 Earth Magic
 + Level 6.2 Alchemy


You knew the following spells:

 Your Spells              Type           Power      Damage    Failure   Level
a - Magic Dart            Conj           100%       1d8       1%          1
b - Searing Ray           Conj           64%        2d6       1%          2
c - Fulminant Prism       Conj/Alch      16%        3d11      7%          4
d - Iskenderun's Mystic Conj/Tloc 32%            2d8        (+2d4     7%          4
e - Shock                 Conj/Air       100%       1d9       1%          1
f - Ensorcelled Hibernat  Hex/Ice        64%        N/A       1%          2
Your spell library was empty.

Dungeon Overview and Level Annotations

Branches:
Dungeon (5/15)
 Temple: D:4-7

Altars:
Nemelex Xobeh


Innate Abilities, Weirdness & Mutations

You are immune to sickness and miasma.
You are immune to poison.
Your flesh is very heat resistant. (rF++)
You are vulnerable to cold. (rC-)
You float through the air rather than walking.
You learn spells naturally, not from books.
Your magical power is your life essence.
You have superior vitality. (+4 MHP)


Message History

Unknown command.
The orc wizard mumbles some strange words.
The orc wizard flickers and vanishes!
Deactivating autopickup; reactivate with Ctrl-A.
You hear an angry hiss.
There is a stone staircase leading up here.
Unknown command.
A puff of flame appears from out of thin air!
The puff of flame hits you. You resist.
You fly upwards.
Reactivating autopickup.
You feel less confused.
There is a stone staircase leading down here.
Unknown command.
As you read the scroll labelled RATWOF SURCHE, it dissolves into smoke.
It was a scroll of fog.
As you read the scroll labelled XONAER NOINWEI, it crumbles to dust.
You feel aware of your surroundings.
It was a scroll of revelation.
As you read the scroll labelled XUIC XINUZ, it crumbles to dust.
You assume a fearsome visage.
Nothing appears to happen.
It was a scroll of fear.
Blink to where?
Press: ? - help, Dir - move target
As you read the scroll labelled ECSUOVVAFAM, it crumbles to dust.
It was a scroll of blinking.
As you read the scroll labelled ANEIGU GAIDYT, it crumbles to dust.
It is a scroll of identify.
o - 3 scrolls of vulnerability
As you read the scroll of identify, it crumbles to dust.
p - a scroll of immolation
As you read the scroll labelled BEMOKEEDWOZ, it crumbles to dust.
It is a scroll of amnesia.
You feel forgetful for a moment.
Unknown command.
As you read the scroll labelled INUX TUUCOPO, it crumbles to dust.
You hear a loud clanging noise!
It was a scroll of noise.
You hear an angry hiss.
Unknown command.
Are you sure you want to abandon this character and quit the game? (Confirm with "yes".)

#.......#.#######..........#....
##.......#.#....[#....##..#.#....
.'.............#.#....##.##.#....
##)....#.#.#####)#....##.##.#....
#######.#....##.#....#..##.#....
#.#.##....#..........#....
#.#......§§§§.........(...
#.########§§##########.#.#
#>#.....§@§§§..........#.#
#.#.######§§##########....
###.#.#....#§.#.....#.......
#...#.#.##.#§.#.###.#.##.#.#
#.###.#.#..#..#.###.#.##.#.# #.#
#.#.#..#..#<###.#.##.#.# #.#
#.#.......#####.#.##.#.# #.#
#.####.##.......#.##.#.# #.#
#.................##.#.#


There were no monsters in sight!

Vanquished Creatures
  An ice beast (D:5)
  A hound (D:4)
  A bombardier beetle (D:4)
  2 orc priests
  3 adders (D:2)
  3 ribbon worms
  3 dart slugs
  8 orcs
  7 bats
  7 endoplasms
  3 giant cockroaches
  8 goblins
  5 hobgoblins
  4 jackals (D:2)
  9 kobolds
  2 quokkas
  9 ball pythons
  14 frilled lizards
  7 rats
97 creatures vanquished.

Notes
Turn   | Place    | Note
-------+----------+-------------------------------------------
     0 | D:1      | Biggs the Djinni Conjurer began the quest for the Orb.
     0 | D:1      | Biggs set off with the following spells memorised: Magic
                  | Dart, Searing Ray, Fulminant Prism, Iskenderun's Mystic
                  | Blast.
     0 | D:1      | Reached XP level 1. HP: 15/15 MP: 0/0
   271 | D:1      | Reached XP level 2. HP: 19/21 MP: 0/0
   878 | D:2      | Reached XP level 3. HP: 23/25 MP: 0/0
   878 | D:2      | Learned a level 1 spell: Shock
  1165 | D:2      | Reached XP level 4. HP: 28/31 MP: 0/0
  1801 | D:3      | Found a sparkling altar of Nemelex Xobeh.
  2043 | D:3      | Reached skill level 5 in Spellcasting
  2043 | D:3      | Reached skill level 5 in Conjurations
  2043 | D:3      | Reached skill level 5 in Hexes
  2043 | D:3      | Reached skill level 5 in Summonings
  2043 | D:3      | Reached skill level 5 in Necromancy
  2043 | D:3      | Reached skill level 5 in Translocations
  2043 | D:3      | Reached skill level 5 in Fire Magic
  2043 | D:3      | Reached skill level 5 in Ice Magic
  2043 | D:3      | Reached skill level 5 in Air Magic
  2043 | D:3      | Reached skill level 5 in Earth Magic
  2043 | D:3      | Reached skill level 5 in Alchemy
  2043 | D:3      | Reached XP level 5. HP: 31/35 MP: 0/0
  2043 | D:3      | Learned a level 2 spell: Ensorcelled Hibernation
  2956 | D:4      | Reached XP level 6. HP: 31/40 MP: 0/0
  3404 | D:5      | Entered Level 5 of the Dungeon
  3404 | D:5      | Noticed an ice beast
  3411 | D:5      | Killed an ice beast
  3562 | D:4      | Quit the game

Illustrated notes

Levels and vault maps discovered:
D:1:      dpeg_arrival_tiny_a, layout_loops_corners
D:2:      layout_loops_ring, minmay_lizard_pond
D:3:      layout_basic, dreamdust_divine_triumvirate,
          nemelex_xobeh_ov_fountains_minmay, minmay_pentomino_pile
D:4:      layout_basic
D:5:      layout_basic, minitemple

Skill      XL: |  1  2  3  4  5  6 |
---------------+-------------------+-----
Spellcasting   | 4 5 6 |  6.2
Conjurations   | 4 5 6 |  6.2
Hexes          | 4 5 6 |  6.2
Summonings     | 4 5 6 |  6.2
Necromancy     | 4 5 6 |  6.2
Translocations | 4 5 6 |  6.2
Fire Magic     | 4 5 6 |  6.2
Ice Magic      | 4 5 6 |  6.2
Air Magic      | 4 5 6 |  6.2
Earth Magic    | 4 5 6 |  6.2
Alchemy        | 4 5 6 |  6.2
Dodging        | |  2.1
Stealth        | |  1.5

Action                     |  1- 3 |  4- 6 || total
---------------------------+-------+-------++-------
  Melee: Unarmed           |     1 |       ||     1
   Cast: Magic Dart        |    79 |   118 ||   197
         Searing Ray       |       |    11 ||    11
         Iskenderun's Myst |       |     2 ||     2
    Use: Scroll            |       |     8 ||     8
 Armour: Robe              |     2 |     3 ||     5
  Dodge: Dodged            |     5 |     9 ||    14

Table legend: (Time is in decaauts)
 A = Elapsed time spent in this place.
 B = Non-inter-level travel time spent in this place.
 C = Inter-level travel time spent in this place.
 D = Time resting spent in this place.
 E = Time spent auto-exploring this place.
 F = Levels seen in this place.
 G = Mean time per level.
                   A        B        C        D        E       F      G
               +--------+--------+--------+--------+--------+-----+--------+
         Total |   3562 |   3463 |     99 |    124 |   2907 |   5 |  712.4 |
       Dungeon |   3562 |   3463 |     99 |    124 |   2907 |   5 |  712.4 |
               +--------+--------+--------+--------+--------+-----+--------+

Top non-repeatable levels by time:
     D:3: 942 daAuts
     D:4: 913 daAuts
     D:1: 870 daAuts
     D:2: 802 daAuts
     D:5: 32 daAuts
